AoeStats
← DOX BRAZIL

MegaRandom

510840213Analyzed
2v2 RM · 22h ago on Oct 2, 2026· 42m 46s· 4 players
Game mode
Random Map
Map size
Medium (4 player)
Population
200
Speed
Normal
Resources
Standard
Victory
Conquest
Starting age
Dark Age
Ending age
Imperial Age
RankedLock teamsTeams togetherTeam positionsShared explorationLock speedFull tech treeHidden civsTurbo modeCheats
Victory
Defeat
🇬🇧 Franks · United Kingdom
752
+17
🇮🇳 Celts · India
719
+19
🇺🇸 Spanish · United States
807
-19
🇺🇸 Magyars · United States
752
-17
devil
4:25 Loom
12:16 Feudal Age
12:28 Man-at-Arms
19:46 Castle Age
18:57 Double-Bit Axe
19:01 Horse Collar
19:41 Arson
20:57 Medium Warships
22:12 Heavy Plow
23:32 Medium Warships
28:24 Imperial Age
26:46 Pikeman
32:39 Furor Celtica
33:16 Wheelbarrow
32:19 Long Swordsman
34:27 Forging
34:18 Scale Mail Armor
36:08 Two-Handed Swordsman
37:18 Husbandry
40:59 Chemistry
41:31 Ballistics
42:16 Cavalier
DOX BRAZIL
10:48 Feudal Age
11:25 Double-Bit Axe
12:18 Loom
17:38 Castle Age
15:29 Fishing Lines
16:39 Stone Mining
16:40 Gold Mining
21:26 Bow Saw
20:48 Pikeman
22:48 Husbandry
24:02 Gold Shaft Mining
23:48 Forging
25:02 Town Watch
28:49 Wheelbarrow
28:20 Gillnets
33:09 Imperial Age
33:51 Scale Barding Armor
34:22 Iron Casting
33:44 Cavalier
34:49 Conscription
34:40 Chivalry
37:45 Chain Barding Armor
38:27 Blast Furnace
37:58 Fletching
41:26 Plate Barding Armor
41:19 Light Cavalry
41:23 Paladin
WRainbow6
5:14 Loom
13:18 Feudal Age
14:34 Town Watch
15:41 Bloodlines
15:53 Double-Bit Axe
16:33 Bloodlines
16:36 Horse Collar
17:55 Wheelbarrow
18:43 Scale Barding Armor
18:35 Fishing Lines
23:08 Castle Age
23:38 Gold Mining
23:39 Stone Mining
24:08 Hand Cart
23:54 Town Patrol
24:26 Bow Saw
25:51 Chain Barding Armor
25:23 Fletching
26:01 Heavy Plow
26:47 Husbandry
26:09 Light Cavalry
27:32 Caravan
29:19 Gold Shaft Mining
31:05 Thumb Ring
32:05 Bodkin Arrow
33:42 Hand Cart
IchalmaTheGodly
0:38 Loom
12:21 Feudal Age
17:53 Double-Bit Axe
26:08 Castle Age
28:23 Horse Collar
29:50 Stone Mining
30:48 Husbandry
33:23 Fletching
37:07 Forging
36:58 Scale Mail Armor
39:19 Masonry
40:13 Bloodlines
41:17 Scale Barding Armor
43:20 Chain Barding Armor
Connection lost

Rejoining the realm…

Still unreachable

The connection could not be restored.

Session expired

The server has moved on; the page needs a fresh start.